Chicago Black Hawks vs Winnipeg Jets
(R1)
Created - Saturday, September 9, 2023 at 08:09
Goals
|
| Chicago Black Hawks |
2 |
1 |
3 |
6 |
| Winnipeg Jets |
0 |
1 |
0 |
1 |
|
Shots
|
| Chicago Black Hawks |
14 |
8 |
17 |
39 |
| Winnipeg Jets |
7 |
11 |
18 |
36 |
|
1st period
1. Chicago Black Hawks , Tyler Bertuzzi 3 (Bo Horvat 9, Barrett Hayton 8) at 0:38
2. Chicago Black Hawks , Vincent Trocheck 7 (Kevin Fiala 5, Bo Horvat 10) at 7:02 (PP)
Penalties :
Michael Rasmussen (CHI) for Delaying the game (Minor) at 0:54, Cal Clutterbuck (CHI) for Hooking (Minor) at 1:12, Ty Smith (WPG) for Hooking (Minor) at 6:00, Tyler Bertuzzi (CHI) for Holding (Minor) at 13:48
2nd period
3. Winnipeg Jets , Alex DeBrincat 6 (Lucas Raymond 3, Connor McDavid 11) at 9:54
4. Chicago Black Hawks , Cal Clutterbuck 2 (Michael Rasmussen 3, Seth Jones 6) at 11:18
Penalties :
Alex DeBrincat (WPG) for Tripping (Minor) at 14:52
3rd period
5. Chicago Black Hawks , Tyler Bertuzzi 4 (Bo Horvat 11) at 1:07
6. Chicago Black Hawks , Morgan Rielly 1 (Kevin Fiala 6, Bo Horvat 12) at 11:28 (PP)
7. Chicago Black Hawks , Vincent Trocheck 8 (Kevin Fiala 7, Bo Horvat 13) at 11:40 (PP)
Penalties :
Cal Clutterbuck (CHI) for Interference (Minor) at 7:47, Dante Fabbro (WPG) for Spearing (Major / Game Misconduct) at 11:10, Joel Armia (WPG) for High sticking (Minor) at 16:49, Nathan Beaulieu (WPG) for Goalie Interference (Minor) at 17:27
Goalie Stats
Jordan Binnington (CHI), 35 saves from 36 shots - (0.972), W, 2-1-0, 60:00 minutes
Pavel Francouz (WPG), 33 saves from 39 shots - (0.846), L, 3-8-2, 60:00 minutes
Players Stats for Chicago Black Hawks
Player Name G A P +/- PIM S H SB GA TA FO MP PP MP PK MP
------------------------------------------------------------------------------------
Barrett Hayton 0 1 1 1 0 2 2 1 0 0 1/2 17:34 4:09 0:58
Bo Horvat 0 5 5 1 0 1 1 0 0 0 13/24 21:04 5:27 2:44
Brent Burns 0 0 0 1 0 1 0 2 0 0 0/0 20:36 4:43 0:54
Cal Clutterbuck 1 0 1 1 4 2 1 0 0 0 0/1 12:48 1:14 0:17
Christopher Tanev 0 0 0 1 0 0 0 1 0 1 0/0 18:36 0:18 2:44
Cole Perfetti 0 0 0 0 0 1 0 0 0 0 0/0 7:41 0:11 0:17
Devon Toews 0 0 0 1 0 0 1 0 0 1 0/0 22:04 5:11 2:09
Frederick Gaudreau 0 0 0 0 0 1 0 1 0 0 2/5 10:06 0:00 3:13
Kevin Fiala 0 3 3 0 0 5 3 0 1 0 0/2 17:55 5:14 0:00
Michael Rasmussen 0 1 1 1 2 5 3 0 0 0 0/0 13:25 0:54 1:17
Morgan Frost 0 0 0 1 0 3 0 0 0 0 3/8 12:30 1:06 0:00
Morgan Rielly 1 0 1 0 0 3 1 0 1 0 0/0 18:47 5:45 1:12
Patrice Bergeron 0 0 0 0 0 2 1 0 1 0 11/25 17:33 3:04 2:02
Seth Jones 0 1 1 1 0 1 1 2 1 0 0/0 21:51 4:37 2:19
Shane Pinto 0 0 0 0 0 2 1 0 0 0 1/1 8:06 1:09 0:00
Travis Sanheim 0 0 0 0 0 0 0 1 0 0 0/0 16:22 0:40 3:12
Tyler Bertuzzi 2 0 2 1 2 7 0 0 0 0 1/1 17:01 4:09 0:00
Vincent Trocheck 2 0 2 0 0 3 3 0 1 1 0/0 18:01 5:14 0:00
Players Stats for Winnipeg Jets
Player Name G A P +/- PIM S H SB GA TA FO MP PP MP PK MP
------------------------------------------------------------------------------------
Alex DeBrincat 1 0 1 1 2 2 2 1 1 0 2/2 18:26 3:02 2:51
Andrew Cogliano 0 0 0 -1 0 0 3 0 0 0 1/3 12:02 0:00 0:58
Barclay Goodrow 0 0 0 -2 0 1 1 0 0 0 0/0 15:18 3:10 0:00
Calen Addison 0 0 0 0 0 1 0 0 0 0 0/0 15:59 2:03 0:41
Connor McDavid 0 1 1 1 0 2 1 0 0 0 11/24 20:02 3:02 4:45
Dante Fabbro 0 0 0 -1 15 1 2 0 0 0 0/0 19:13 3:24 1:02
Dylan Samberg 0 0 0 -1 0 4 0 1 0 0 0/0 21:41 0:48 6:45
Joel Armia 0 0 0 0 2 2 0 1 0 0 0/0 8:23 0:00 0:21
Kaapo Kakko 0 0 0 -2 0 2 0 0 2 0 0/0 15:27 3:10 0:00
Kaiden Guhle 0 0 0 -1 0 2 2 3 0 1 0/0 24:11 3:24 6:08
Lucas Raymond 0 1 1 1 0 1 2 0 0 0 0/0 18:55 3:02 3:55
Matthew Beniers 0 0 0 -1 0 2 4 0 0 0 7/10 11:17 0:03 0:00
Nathan Beaulieu 0 0 0 -1 2 1 1 0 0 2 0/0 20:33 2:51 3:12
Nick Suzuki 0 0 0 -2 0 6 1 1 0 1 16/24 20:28 3:13 4:47
Pius Suter 0 0 0 0 0 0 1 0 0 0 0/1 8:54 0:00 0:48
Sam Steel 0 0 0 0 0 4 0 1 0 1 0/3 8:44 0:02 0:24
Ty Smith 0 0 0 0 2 3 0 2 0 0 0/0 16:22 0:00 3:24
Yegor Sharangovich 0 0 0 -1 0 2 0 0 0 0 0/2 12:01 0:01 1:04
3 Stars
1 - Bo Horvat (CHI)
2 - Jordan Binnington (CHI)
3 - Vincent Trocheck (CHI)
Power Play
Chicago Black Hawks - 3 on 8 Attempt(s) - 37.50%
Winnipeg Jets - 0 on 3 Attempt(s) - 0.00%
Penalty Kill
Chicago Black Hawks - 3 on 3 Attempt(s) - 100.00%
- Score 0 goal in Penalty Kill
Winnipeg Jets - 5 on 8 Attempt(s) - 62.50%
- Score 0 goal in Penalty Kill
Team Stat
Chicago Black Hawks - Hits : 18 - Faceoff Wins : 32 - Blocked Shots : 8 - Penalty Minutes : 8
Winnipeg Jets - Hits : 20 - Faceoff Wins : 37 - Blocked Shots : 10 - Penalty Minutes : 23
Official
Referees : Kyle Rehman and TJ Luxmore
Linesman : Jay Sharrers and Brad Kovachik
Game Notes
Dante Fabbro ejected from game at 11:10 of 3rd period
17:07 of 3rd period - Penalty Shot by Kaiden Guhle for Winnipeg Jets - Shot Misses the Net
Finance
Level 1 -- Attendance: 5603 (93.38%) -- Ticket Income $515,476
Level 2 -- Attendance: 4964 (99.28%) -- Ticket Income $273,020
Level 3 -- Attendance: 2980 (99.33%) -- Ticket Income $89,400
Level 4 -- Attendance: 4991 (99.82%) -- Ticket Income $109,802
Luxury Box -- Attendance: 1000 (100.00%) -- Ticket Income $190,000
Game was played at the MTS Centre.
Total Attendance: 19538 (97.69%)
Total Ticket Income: $1,177,698
Other Income: $412,194
Total Income: $1,589,892
Chicago Black Hawks
5 vs 5 Forward
Center Left Wing Right Wing Time % Phy DF OF
1 Patrice Bergeron Kevin Fiala Vincent Trocheck 30 1 2 2
2 Bo Horvat Barrett Hayton Tyler Bertuzzi 30 1 2 2
3 Morgan Frost Michael Rasmussen Cal Clutterbuck 25 1 2 2
4 Frederick Gaudreau Cole Perfetti Shane Pinto 15 1 2 2
5 vs 5 Defense
Defense Defense Time % Phy DF OF
1 Seth Jones Brent Burns 35 0 3 2
2 Devon Toews Christopher Tanev 35 0 3 2
3 Morgan Rielly Travis Sanheim 30 0 3 2
4 Devon Toews Morgan Rielly 0 0 4 1
PowerPlay Forward
Center Left Wing Right Wing Time % Phy DF OF
1 Bo Horvat Kevin Fiala Vincent Trocheck 50 0 0 5
2 Patrice Bergeron Barrett Hayton Tyler Bertuzzi 50 0 0 5
PowerPlay Defense
Defense Defense Time % Phy DF OF
1 Seth Jones Brent Burns 50 0 0 5
2 Devon Toews Morgan Rielly 50 0 0 5
Penalty Kill 4 Players Forward
Center Wing Time % Phy DF OF
1 Frederick Gaudreau Cal Clutterbuck 50 0 5 0
2 Patrice Bergeron Michael Rasmussen 50 0 5 0
Penalty Kill 4 Players Defense
Defense Defense Time % Phy DF OF
1 Devon Toews Christopher Tanev 50 0 5 0
2 Travis Sanheim Seth Jones 50 0 5 0
Penalty Kill - 3 Players Forward
Forward Time % Phy DF OF
1 Frederick Gaudreau 50 0 5 0
2 Bo Horvat 50 0 5 0
Penalty Kill - 3 Players Defense
Defense Defense Time % Phy DF OF
1 Christopher Tanev Travis Sanheim 50 0 5 0
2 Devon Toews Morgan Rielly 50 0 5 0
4 vs 4 Forward
Center Wing Time % Phy DF OF
1 Vincent Trocheck Morgan Frost 50 1 2 2
2 Barrett Hayton Kevin Fiala 50 1 2 2
4 vs 4 Defense
Defense Defense Time % Phy DF OF
1 Seth Jones Brent Burns 50 0 3 2
2 Christopher Tanev Travis Sanheim 50 0 3 2
Last Minutes Offensive
Center Left Wing Right Wing Defense Defense
Patrice Bergeron Kevin Fiala Vincent Trocheck Seth Jones Brent Burns
Last Minutes Defensive
Center Left Wing Right Wing Defense Defense
Bo Horvat Michael Rasmussen Frederick Gaudreau Devon Toews Christopher Tanev
Goaltenders
Starting : Jordan Binnington
Backup : Thatcher Demko
Extra Forwards
Normal : Shane Pinto, Morgan Frost, Bo Horvat - PP : Shane Pinto, Morgan Frost - PK : Bo Horvat
Extra Defensemen
Normal : Christopher Tanev, Travis Sanheim, Seth Jones - PP : Christopher Tanev - PK : Travis Sanheim, Brent Burns
Penalty Shots
Frederick Gaudreau, Devon Toews, Barrett Hayton, Brent Burns, Bo Horvat
Winnipeg Jets
5 vs 5 Forward
Center Left Wing Right Wing Time % Phy DF OF
1 Connor McDavid Alex DeBrincat Lucas Raymond 30 1 2 2
2 Nick Suzuki Barclay Goodrow Kaapo Kakko 30 1 2 2
3 Matthew Beniers Andrew Cogliano Yegor Sharangovich 25 1 2 2
4 Sam Steel Pius Suter Joel Armia 15 1 2 2
5 vs 5 Defense
Defense Defense Time % Phy DF OF
1 Dante Fabbro Kaiden Guhle 35 1 2 2
2 Nathan Beaulieu Dylan Samberg 35 1 2 2
3 Calen Addison Ty Smith 30 1 2 2
4 Dante Fabbro Kaiden Guhle 0 1 2 2
PowerPlay Forward
Center Left Wing Right Wing Time % Phy DF OF
1 Connor McDavid Alex DeBrincat Lucas Raymond 50 1 2 2
2 Nick Suzuki Barclay Goodrow Kaapo Kakko 50 1 2 2
PowerPlay Defense
Defense Defense Time % Phy DF OF
1 Dante Fabbro Kaiden Guhle 50 1 2 2
2 Nathan Beaulieu Calen Addison 50 1 2 2
Penalty Kill 4 Players Forward
Center Wing Time % Phy DF OF
1 Connor McDavid Nick Suzuki 50 1 2 2
2 Alex DeBrincat Lucas Raymond 50 1 2 2
Penalty Kill 4 Players Defense
Defense Defense Time % Phy DF OF
1 Kaiden Guhle Dante Fabbro 50 1 2 2
2 Dylan Samberg Nathan Beaulieu 50 1 2 2
Penalty Kill - 3 Players Forward
Forward Time % Phy DF OF
1 Connor McDavid 50 1 2 2
2 Nick Suzuki 50 1 2 2
Penalty Kill - 3 Players Defense
Defense Defense Time % Phy DF OF
1 Kaiden Guhle Dante Fabbro 50 1 2 2
2 Ty Smith Nathan Beaulieu 50 1 2 2
4 vs 4 Forward
Center Wing Time % Phy DF OF
1 Connor McDavid Nick Suzuki 50 1 2 2
2 Alex DeBrincat Lucas Raymond 50 1 2 2
4 vs 4 Defense
Defense Defense Time % Phy DF OF
1 Dante Fabbro Kaiden Guhle 50 1 2 2
2 Calen Addison Dylan Samberg 50 1 2 2
Last Minutes Offensive
Center Left Wing Right Wing Defense Defense
Connor McDavid Alex DeBrincat Lucas Raymond Dante Fabbro Kaiden Guhle
Last Minutes Defensive
Center Left Wing Right Wing Defense Defense
Connor McDavid Alex DeBrincat Lucas Raymond Dante Fabbro Kaiden Guhle
Goaltenders
Starting : Pavel Francouz
Backup : Spencer Knight
Extra Forwards
Normal : Sam Steel, Matthew Beniers, Andrew Cogliano - PP : Sam Steel, Matthew Beniers - PK : Andrew Cogliano
Extra Defensemen
Normal : Kaiden Guhle, Ty Smith, Dante Fabbro - PP : Kaiden Guhle - PK : Dylan Samberg, Dante Fabbro
Penalty Shots
Connor McDavid, Nick Suzuki, Alex DeBrincat, Lucas Raymond, Matthew Beniers
% Time on Ice - Chicago Black Hawks
Lines # - Real PCT - Wanted PCT - Time Play
Normal Forward
1 - 30% - 30% - 12:49
2 - 30% - 30% - 13:00
3 - 26% - 25% - 11:05
4 - 14% - 15% - 6:14
Normal Defense
1 - 36% - 35% - 15:30
2 - 35% - 35% - 15:02
3 - 29% - 30% - 12:28
4 - 0% - 0% - 0:08
PP Forward
1 - 51% - 50% - 5:27
2 - 49% - 50% - 5:10
PP Defense
1 - 46% - 50% - 4:52
2 - 54% - 50% - 5:45
PK Forward
1 - 55% - 50% - 2:30
2 - 45% - 50% - 2:04
PK Defense
1 - 35% - 50% - 1:37
2 - 65% - 50% - 2:57
PK3 Forward
1 - 48% - 50% - 0:48
2 - 52% - 50% - 0:53
PK3 Defense
1 - 66% - 50% - 1:07
2 - 34% - 50% - 0:34
44 Forward
1 - 0% - 50%
2 - 0% - 50%
44 Defense
1 - 0% - 50%
2 - 0% - 50%
Last Minute Offensive - 0:00
Last Minute Defensive - 0:00
Total
Forward - 60:00
Defense - 60:00
|
% Time on Ice - Winnipeg Jets
Lines # - Real PCT - Wanted PCT - Time Play
Normal Forward
1 - 29% - 30% - 12:19
2 - 29% - 30% - 12:39
3 - 24% - 25% - 10:20
4 - 18% - 15% - 7:50
Normal Defense
1 - 35% - 35% - 15:03
2 - 35% - 35% - 15:07
3 - 30% - 30% - 12:58
4 - 0% - 0% - 0:00
PP Forward
1 - 49% - 50% - 3:02
2 - 51% - 50% - 3:13
PP Defense
1 - 67% - 50% - 4:12
2 - 33% - 50% - 2:03
PK Forward
1 - 44% - 50% - 4:05
2 - 56% - 50% - 5:11
PK Defense
1 - 57% - 50% - 5:15
2 - 43% - 50% - 4:01
PK3 Forward
1 - 62% - 50% - 0:50
2 - 38% - 50% - 0:31
PK3 Defense
1 - 67% - 50% - 0:54
2 - 33% - 50% - 0:27
44 Forward
1 - 0% - 50%
2 - 0% - 50%
44 Defense
1 - 0% - 50%
2 - 0% - 50%
Last Minute Offensive - 0:00
Last Minute Defensive - 0:00
Total
Forward - 60:00
Defense - 60:00
|
Play-by-Play
1st period
0:01 of 1st period - Connor McDavid wins face-off versus Patrice Bergeron in neutral zone.
0:36 of 1st period - Snap shot by Tyler Bertuzzi.
0:36 of 1st period - Stopped by Pavel Francouz with a rebound.
0:38 of 1st period - Wrist shot by Tyler Bertuzzi.
0:38 of 1st period - Goal by Tyler Bertuzzi - Chicago Black Hawks : 1 - Winnipeg Jets : 0.
0:39 of 1st period - Matthew Beniers wins face-off versus Cal Clutterbuck in neutral zone.
0:45 of 1st period - Off-side.
0:46 of 1st period - Morgan Frost wins face-off versus Matthew Beniers in neutral zone.
0:54 of 1st period - Minor Penalty to Michael Rasmussen for Delaying the game.
0:55 of 1st period - Connor McDavid wins face-off versus Frederick Gaudreau in Chicago Black Hawks zone.
1:01 of 1st period - Snap shot by Alex DeBrincat.
1:01 of 1st period - Shot Hit the Post.
1:03 of 1st period - Slapshot by Dante Fabbro.
1:03 of 1st period - Stopped by Jordan Binnington with a rebound.
1:05 of 1st period - Slapshot by Lucas Raymond.
1:05 of 1st period - Shot Misses the Net.
1:07 of 1st period - Backhand shot by Kaiden Guhle.
1:07 of 1st period - Shot Misses the Net.
1:12 of 1st period - Minor Penalty to Cal Clutterbuck for Hooking.
1:13 of 1st period - Nick Suzuki wins face-off versus Frederick Gaudreau in Chicago Black Hawks zone.
1:13 of 1st period - Snap shot by Kaapo Kakko.
1:13 of 1st period - Stopped by Jordan Binnington without a rebound.
1:14 of 1st period - Frederick Gaudreau wins face-off versus Nick Suzuki in Chicago Black Hawks zone.
2:08 of 1st period - Morgan Rielly is hit by Nick Suzuki and loses puck.
2:54 of 1st period - Penalty to Michael Rasmussen is over, Michael Rasmussen is back on ice.
3:12 of 1st period - Penalty to Cal Clutterbuck is over, Cal Clutterbuck is back on ice.
3:26 of 1st period - Slapshot by Frederick Gaudreau.
3:26 of 1st period - Stopped by Pavel Francouz with a rebound.
3:28 of 1st period - Snap shot by Seth Jones.
3:28 of 1st period - Deflect By Shane Pinto.
3:28 of 1st period - Shot Misses the Net.
3:28 of 1st period - Puck is out of play.
3:29 of 1st period - Frederick Gaudreau wins face-off versus Sam Steel in Winnipeg Jets zone.
3:30 of 1st period - Snap shot by Shane Pinto.
3:30 of 1st period - Shot Blocked by Sam Steel.
3:54 of 1st period - Frederick Gaudreau is hit by Kaiden Guhle and loses puck.
4:22 of 1st period - Snap shot by Alex DeBrincat.
4:22 of 1st period - Shot Misses the Net.
4:24 of 1st period - Snap shot by Connor McDavid.
4:24 of 1st period - Stopped by Jordan Binnington without a rebound.
4:25 of 1st period - Nick Suzuki wins face-off versus Patrice Bergeron in Chicago Black Hawks zone.
4:34 of 1st period - Slapshot by Kaapo Kakko.
4:34 of 1st period - Deflect By Nick Suzuki.
4:34 of 1st period - Stopped by Jordan Binnington with a rebound.
4:36 of 1st period - Snap shot by Kaapo Kakko.
4:36 of 1st period - Shot Blocked by Christopher Tanev.
5:11 of 1st period - Snap shot by Matthew Beniers.
5:11 of 1st period - Deflect By Yegor Sharangovich.
5:11 of 1st period - Stopped by Jordan Binnington without a rebound.
5:12 of 1st period - Matthew Beniers wins face-off versus Morgan Frost in Chicago Black Hawks zone.
5:19 of 1st period - Snap shot by Matthew Beniers.
5:19 of 1st period - Stopped by Jordan Binnington with a rebound.
5:21 of 1st period - Snap shot by Matthew Beniers.
5:21 of 1st period - Stopped by Jordan Binnington without a rebound.
5:22 of 1st period - Nick Suzuki wins face-off versus Morgan Frost in Chicago Black Hawks zone.
5:55 of 1st period - Wrist shot by Patrice Bergeron.
5:55 of 1st period - Stopped by Pavel Francouz with a rebound.
5:57 of 1st period - Slapshot by Brent Burns.
5:57 of 1st period - Deflect By Patrice Bergeron.
5:57 of 1st period - Shot Blocked by Dylan Samberg.
5:57 of 1st period - Puck is out of play.
5:58 of 1st period - Nick Suzuki wins face-off versus Bo Horvat in Winnipeg Jets zone.
6:00 of 1st period - Minor Penalty to Ty Smith for Hooking.
6:01 of 1st period - Bo Horvat wins face-off versus Connor McDavid in Winnipeg Jets zone.
6:46 of 1st period - Snap shot by Kevin Fiala.
6:46 of 1st period - Shot Misses the Net.
6:48 of 1st period - Slapshot by Brent Burns.
6:48 of 1st period - Shot Misses the Net.
6:50 of 1st period - Wrist shot by Kevin Fiala.
6:50 of 1st period - Stopped by Pavel Francouz with a rebound.
7:00 of 1st period - Wrist shot by Kevin Fiala.
7:00 of 1st period - Stopped by Pavel Francouz with a rebound.
7:02 of 1st period - Wrist shot by Vincent Trocheck.
7:02 of 1st period - Goal by Vincent Trocheck - Chicago Black Hawks : 2 - Winnipeg Jets : 0.
7:03 of 1st period - Morgan Frost wins face-off versus Sam Steel in neutral zone.
8:07 of 1st period - Wrist shot by Kevin Fiala.
8:07 of 1st period - Stopped by Pavel Francouz without a rebound.
8:08 of 1st period - Patrice Bergeron wins face-off versus Connor McDavid in Winnipeg Jets zone.
8:37 of 1st period - Kaapo Kakko is hit by Michael Rasmussen and loses puck.
10:53 of 1st period - Wrist shot by Sam Steel.
10:53 of 1st period - Shot Misses the Net.
11:30 of 1st period - Slapshot by Michael Rasmussen.
11:30 of 1st period - Stopped by Pavel Francouz with a rebound.
11:32 of 1st period - Wrist shot by Cal Clutterbuck.
11:32 of 1st period - Shot Blocked by Ty Smith.
11:34 of 1st period - Snap shot by Devon Toews.
11:34 of 1st period - Shot Misses the Net.
11:36 of 1st period - Wrist shot by Michael Rasmussen.
11:36 of 1st period - Shot Misses the Net.
12:44 of 1st period - Sam Steel is hit by Michael Rasmussen and loses puck.
12:59 of 1st period - Snap shot by Cal Clutterbuck.
12:59 of 1st period - Stopped by Pavel Francouz with a rebound.
13:01 of 1st period - Slapshot by Michael Rasmussen.
13:01 of 1st period - Stopped by Pavel Francouz with a rebound.
13:03 of 1st period - Slapshot by Devon Toews.
13:03 of 1st period - Shot Blocked by Joel Armia.
13:05 of 1st period - Slapshot by Michael Rasmussen.
13:05 of 1st period - Shot Misses the Net.
13:07 of 1st period - Snap shot by Morgan Frost.
13:07 of 1st period - Shot Misses the Net.
13:09 of 1st period - Snap shot by Christopher Tanev.
13:09 of 1st period - Shot Misses the Net.
13:15 of 1st period - Snap shot by Morgan Frost.
13:15 of 1st period - Stopped by Pavel Francouz with a rebound.
13:17 of 1st period - Slapshot by Christopher Tanev.
13:17 of 1st period - Deflect By Morgan Frost.
13:17 of 1st period - Stopped by Pavel Francouz with a rebound.
13:25 of 1st period - Wrist shot by Morgan Frost.
13:25 of 1st period - Stopped by Pavel Francouz without a rebound.
13:26 of 1st period - Connor McDavid wins face-off versus Bo Horvat in Winnipeg Jets zone.
13:48 of 1st period - Minor Penalty to Tyler Bertuzzi for Holding.
13:49 of 1st period - Patrice Bergeron wins face-off versus Nick Suzuki in Chicago Black Hawks zone.
14:30 of 1st period - Kaiden Guhle is hit by Barrett Hayton and loses puck.
15:48 of 1st period - Penalty to Tyler Bertuzzi is over, Tyler Bertuzzi is back on ice.
16:16 of 1st period - Barrett Hayton is hit by Matthew Beniers and loses puck.
16:29 of 1st period - Andrew Cogliano is hit by Bo Horvat and loses puck.
16:40 of 1st period - Lucas Raymond is hit by Kevin Fiala and loses puck.
18:56 of 1st period - Morgan Rielly is hit by Dante Fabbro and loses puck.
Goals for this period are 2 for Chicago Black Hawks vs 0 for Winnipeg Jets.
Shots for this period are 14 for Chicago Black Hawks vs 7 for Winnipeg Jets.
2nd period
0:01 of 2nd period - Nick Suzuki wins face-off versus Bo Horvat in neutral zone.
0:27 of 2nd period - Alex DeBrincat is hit by Vincent Trocheck and loses puck.
0:36 of 2nd period - Snap shot by Kevin Fiala.
0:36 of 2nd period - Shot Hit the Post.
1:09 of 2nd period - Off-side.
1:10 of 2nd period - Nick Suzuki wins face-off versus Barrett Hayton in neutral zone.
1:17 of 2nd period - Snap shot by Kaapo Kakko.
1:17 of 2nd period - Deflect By Barclay Goodrow.
1:17 of 2nd period - Shot Misses the Net.
1:17 of 2nd period - Puck is out of play.
1:18 of 2nd period - Nick Suzuki wins face-off versus Bo Horvat in Chicago Black Hawks zone.
1:29 of 2nd period - Snap shot by Bo Horvat.
1:29 of 2nd period - Shot Misses the Net.
1:31 of 2nd period - Slapshot by Seth Jones.
1:31 of 2nd period - Shot Misses the Net.
1:55 of 2nd period - Snap shot by Connor McDavid.
1:55 of 2nd period - Deflect By Patrice Bergeron.
1:55 of 2nd period - Shot Blocked by Seth Jones.
1:55 of 2nd period - Puck is out of play.
1:56 of 2nd period - Bo Horvat wins face-off versus Connor McDavid in Chicago Black Hawks zone.
2:09 of 2nd period - Slapshot by Morgan Rielly.
2:09 of 2nd period - Stopped by Pavel Francouz with a rebound.
2:11 of 2nd period - Snap shot by Bo Horvat.
2:11 of 2nd period - Deflect By Tyler Bertuzzi.
2:11 of 2nd period - Stopped by Pavel Francouz with a rebound.
2:31 of 2nd period - Wrist shot by Nick Suzuki.
2:31 of 2nd period - Stopped by Jordan Binnington with a rebound.
2:49 of 2nd period - Wrist shot by Shane Pinto.
2:49 of 2nd period - Stopped by Pavel Francouz without a rebound.
2:50 of 2nd period - Bo Horvat wins face-off versus Nick Suzuki in Winnipeg Jets zone.
3:38 of 2nd period - Snap shot by Michael Rasmussen.
3:38 of 2nd period - Stopped by Pavel Francouz with a rebound.
4:00 of 2nd period - Snap shot by Sam Steel.
4:00 of 2nd period - Shot Blocked by Frederick Gaudreau.
4:02 of 2nd period - Backhand shot by Dylan Samberg.
4:02 of 2nd period - Shot Misses the Net.
4:04 of 2nd period - Slapshot by Dylan Samberg.
4:04 of 2nd period - Shot Blocked by Brent Burns.
4:06 of 2nd period - Wrist shot by Nathan Beaulieu.
4:06 of 2nd period - Shot Misses the Net.
4:08 of 2nd period - Snap shot by Sam Steel.
4:08 of 2nd period - Stopped by Jordan Binnington without a rebound.
4:09 of 2nd period - Nick Suzuki wins face-off versus Bo Horvat in Chicago Black Hawks zone.
4:10 of 2nd period - Snap shot by Kaapo Kakko.
4:10 of 2nd period - Shot Misses the Net.
4:12 of 2nd period - Snap shot by Nick Suzuki.
4:12 of 2nd period - Shot Hit the Post.
4:14 of 2nd period - Snap shot by Barclay Goodrow.
4:14 of 2nd period - Shot Blocked by Travis Sanheim.
4:16 of 2nd period - Slapshot by Nathan Beaulieu.
4:16 of 2nd period - Stopped by Jordan Binnington without a rebound.
4:17 of 2nd period - Nick Suzuki wins face-off versus Bo Horvat in Chicago Black Hawks zone.
4:40 of 2nd period - Slapshot by Bo Horvat.
4:40 of 2nd period - Shot Misses the Net.
4:48 of 2nd period - Wrist shot by Bo Horvat.
4:48 of 2nd period - Stopped by Pavel Francouz without a rebound.
4:49 of 2nd period - Connor McDavid wins face-off versus Patrice Bergeron in Winnipeg Jets zone.
4:57 of 2nd period - Brent Burns is hit by Connor McDavid and loses puck.
5:16 of 2nd period - Frederick Gaudreau is hit by Matthew Beniers and loses puck.
6:36 of 2nd period - Snap shot by Cole Perfetti.
6:36 of 2nd period - Shot Misses the Net.
7:16 of 2nd period - Snap shot by Alex DeBrincat.
7:16 of 2nd period - Stopped by Jordan Binnington without a rebound.
7:17 of 2nd period - Connor McDavid wins face-off versus Morgan Frost in Chicago Black Hawks zone.
7:47 of 2nd period - Wrist shot by Connor McDavid.
7:47 of 2nd period - Stopped by Jordan Binnington without a rebound.
7:48 of 2nd period - Matthew Beniers wins face-off versus Patrice Bergeron in Chicago Black Hawks zone.
7:57 of 2nd period - Snap shot by Kevin Fiala.
7:57 of 2nd period - Deflect By Dante Fabbro.
7:57 of 2nd period - Shot Misses the Net.
7:57 of 2nd period - Puck is out of play.
7:58 of 2nd period - Patrice Bergeron wins face-off versus Yegor Sharangovich in Winnipeg Jets zone.
7:59 of 2nd period - Wrist shot by Vincent Trocheck.
7:59 of 2nd period - Shot Misses the Net.
8:07 of 2nd period - Yegor Sharangovich is hit by Kevin Fiala and loses puck.
8:14 of 2nd period - Snap shot by Kevin Fiala.
8:14 of 2nd period - Deflect By Patrice Bergeron.
8:14 of 2nd period - Shot Blocked by Kaiden Guhle.
8:14 of 2nd period - Puck is out of play.
8:15 of 2nd period - Bo Horvat wins face-off versus Nick Suzuki in Winnipeg Jets zone.
8:22 of 2nd period - Wrist shot by Nick Suzuki.
8:22 of 2nd period - Shot Blocked by Barrett Hayton.
8:26 of 2nd period - Snap shot by Nick Suzuki.
8:26 of 2nd period - Stopped by Jordan Binnington without a rebound.
8:27 of 2nd period - Connor McDavid wins face-off versus Patrice Bergeron in Chicago Black Hawks zone.
8:32 of 2nd period - Wrist shot by Connor McDavid.
8:32 of 2nd period - Shot Misses the Net.
8:44 of 2nd period - Snap shot by Patrice Bergeron.
8:44 of 2nd period - Shot Blocked by Kaiden Guhle.
8:54 of 2nd period - Alex DeBrincat is hit by Devon Toews and loses puck.
9:24 of 2nd period - Snap shot by Connor McDavid.
9:24 of 2nd period - Shot Blocked by Seth Jones.
9:46 of 2nd period - Snap shot by Lucas Raymond.
9:46 of 2nd period - Shot Misses the Net.
9:48 of 2nd period - Slapshot by Connor McDavid.
9:48 of 2nd period - Shot Misses the Net.
9:50 of 2nd period - Wrist shot by Lucas Raymond.
9:50 of 2nd period - Shot Misses the Net.
9:52 of 2nd period - Snap shot by Lucas Raymond.
9:52 of 2nd period - Stopped by Jordan Binnington with a rebound.
9:54 of 2nd period - Snap shot by Alex DeBrincat.
9:54 of 2nd period - Goal by Alex DeBrincat - Chicago Black Hawks : 2 - Winnipeg Jets : 1.
9:55 of 2nd period - Patrice Bergeron wins face-off versus Nick Suzuki in neutral zone.
10:00 of 2nd period - Wrist shot by Nick Suzuki.
10:00 of 2nd period - Stopped by Jordan Binnington without a rebound.
10:01 of 2nd period - Nick Suzuki wins face-off versus Patrice Bergeron in Chicago Black Hawks zone.
10:50 of 2nd period - Pius Suter is hit by Morgan Rielly and loses puck.
11:00 of 2nd period - Slapshot by Travis Sanheim.
11:00 of 2nd period - Deflect By Cole Perfetti.
11:00 of 2nd period - Stopped by Pavel Francouz with a rebound.
11:12 of 2nd period - Slapshot by Seth Jones.
11:12 of 2nd period - Shot Misses the Net.
11:14 of 2nd period - Backhand shot by Michael Rasmussen.
11:14 of 2nd period - Stopped by Pavel Francouz with a rebound.
11:18 of 2nd period - Wrist shot by Cal Clutterbuck.
11:18 of 2nd period - Goal by Cal Clutterbuck - Chicago Black Hawks : 3 - Winnipeg Jets : 1.
11:19 of 2nd period - Nick Suzuki wins face-off versus Patrice Bergeron in neutral zone.
11:22 of 2nd period - Christopher Tanev is hit by Dante Fabbro and loses puck.
11:27 of 2nd period - Wrist shot by Nick Suzuki.
11:27 of 2nd period - Stopped by Jordan Binnington without a rebound.
11:28 of 2nd period - Nick Suzuki wins face-off versus Patrice Bergeron in Chicago Black Hawks zone.
11:39 of 2nd period - Kaiden Guhle is hit by Kevin Fiala and loses puck.
12:36 of 2nd period - Wrist shot by Patrice Bergeron.
12:36 of 2nd period - Shot Hit the Post.
12:42 of 2nd period - Christopher Tanev is hit by Barclay Goodrow and loses puck.
13:10 of 2nd period - Kaapo Kakko is hit by Vincent Trocheck and loses puck.
13:53 of 2nd period - Kaapo Kakko is hit by Vincent Trocheck and loses puck.
14:28 of 2nd period - Slapshot by Patrice Bergeron.
14:28 of 2nd period - Deflect By Vincent Trocheck.
14:28 of 2nd period - Shot Misses the Net.
14:28 of 2nd period - Puck is out of play.
14:29 of 2nd period - Matthew Beniers wins face-off versus Bo Horvat in Winnipeg Jets zone.
14:29 of 2nd period - Matthew Beniers is hit by Barrett Hayton.
14:37 of 2nd period - Bo Horvat is hit by Andrew Cogliano and loses puck.
14:42 of 2nd period - Wrist shot by Yegor Sharangovich.
14:42 of 2nd period - Stopped by Jordan Binnington without a rebound.
14:43 of 2nd period - Barrett Hayton wins face-off versus Connor McDavid in Chicago Black Hawks zone.
14:50 of 2nd period - Slapshot by Barrett Hayton.
14:50 of 2nd period - Shot Misses the Net.
14:52 of 2nd period - Minor Penalty to Alex DeBrincat for Tripping.
14:53 of 2nd period - Shane Pinto wins face-off versus Andrew Cogliano in Winnipeg Jets zone.
15:02 of 2nd period - Snap shot by Barrett Hayton.
15:02 of 2nd period - Shot Misses the Net.
15:23 of 2nd period - Barrett Hayton is hit by Lucas Raymond and loses puck.
15:38 of 2nd period - Pius Suter is hit by Cal Clutterbuck and loses puck.
16:05 of 2nd period - Ty Smith is hit by Michael Rasmussen and loses puck.
16:48 of 2nd period - Morgan Rielly is hit by Andrew Cogliano and loses puck.
16:52 of 2nd period - Penalty to Alex DeBrincat is over, Alex DeBrincat is back on ice.
17:11 of 2nd period - Seth Jones is hit by Alex DeBrincat and loses puck.
18:46 of 2nd period - Tyler Bertuzzi is hit by Lucas Raymond and loses puck.
19:11 of 2nd period - Nathan Beaulieu is hit by Seth Jones and loses puck.
Goals for this period are 1 for Chicago Black Hawks vs 1 for Winnipeg Jets.
Shots for this period are 8 for Chicago Black Hawks vs 11 for Winnipeg Jets.
3rd period
0:01 of 3rd period - Matthew Beniers wins face-off versus Bo Horvat in neutral zone.
0:14 of 3rd period - Snap shot by Seth Jones.
0:14 of 3rd period - Shot Misses the Net.
0:26 of 3rd period - Brent Burns is hit by Nathan Beaulieu and loses puck.
0:47 of 3rd period - Wrist shot by Sam Steel.
0:47 of 3rd period - Stopped by Jordan Binnington without a rebound.
0:48 of 3rd period - Bo Horvat wins face-off versus Sam Steel in Chicago Black Hawks zone.
0:51 of 3rd period - Wrist shot by Calen Addison.
0:51 of 3rd period - Deflect By Joel Armia.
0:51 of 3rd period - Stopped by Jordan Binnington with a rebound.
0:53 of 3rd period - Slapshot by Joel Armia.
0:53 of 3rd period - Stopped by Jordan Binnington with a rebound.
0:55 of 3rd period - Snap shot by Pius Suter.
0:55 of 3rd period - Shot Blocked by Brent Burns.
0:57 of 3rd period - Slapshot by Calen Addison.
0:57 of 3rd period - Stopped by Jordan Binnington without a rebound.
0:58 of 3rd period - Bo Horvat wins face-off versus Matthew Beniers in Chicago Black Hawks zone.
1:07 of 3rd period - Slapshot by Tyler Bertuzzi.
1:07 of 3rd period - Goal by Tyler Bertuzzi - Chicago Black Hawks : 4 - Winnipeg Jets : 1.
1:08 of 3rd period - Bo Horvat wins face-off versus Matthew Beniers in neutral zone.
1:17 of 3rd period - Snap shot by Tyler Bertuzzi.
1:17 of 3rd period - Stopped by Pavel Francouz without a rebound.
1:18 of 3rd period - Matthew Beniers wins face-off versus Bo Horvat in Winnipeg Jets zone.
1:58 of 3rd period - Icing by Tyler Bertuzzi.
1:59 of 3rd period - Bo Horvat wins face-off versus Connor McDavid in Chicago Black Hawks zone.
2:03 of 3rd period - Tyler Bertuzzi is hit by Alex DeBrincat and loses puck.
2:26 of 3rd period - Slapshot by Seth Jones.
2:26 of 3rd period - Shot Blocked by Ty Smith.
2:52 of 3rd period - Cal Clutterbuck is hit by Pius Suter and loses puck.
3:20 of 3rd period - Wrist shot by Michael Rasmussen.
3:20 of 3rd period - Stopped by Pavel Francouz without a rebound.
3:21 of 3rd period - Patrice Bergeron wins face-off versus Yegor Sharangovich in Winnipeg Jets zone.
3:22 of 3rd period - Slapshot by Vincent Trocheck.
3:22 of 3rd period - Shot Misses the Net.
3:30 of 3rd period - Travis Sanheim is hit by Andrew Cogliano.
3:34 of 3rd period - Patrice Bergeron is hit by Matthew Beniers and loses puck.
4:13 of 3rd period - Wrist shot by Barclay Goodrow.
4:13 of 3rd period - Stopped by Jordan Binnington without a rebound.
4:14 of 3rd period - Nick Suzuki wins face-off versus Bo Horvat in Chicago Black Hawks zone.
4:27 of 3rd period - Snap shot by Barrett Hayton.
4:27 of 3rd period - Stopped by Pavel Francouz without a rebound.
4:28 of 3rd period - Connor McDavid wins face-off versus Patrice Bergeron in Winnipeg Jets zone.
4:39 of 3rd period - Off-side.
4:40 of 3rd period - Patrice Bergeron wins face-off versus Connor McDavid in neutral zone.
4:47 of 3rd period - Snap shot by Vincent Trocheck.
4:47 of 3rd period - Shot Misses the Net.
4:49 of 3rd period - Slapshot by Travis Sanheim.
4:49 of 3rd period - Shot Misses the Net.
4:51 of 3rd period - Wrist shot by Kevin Fiala.
4:51 of 3rd period - Stopped by Pavel Francouz with a rebound.
4:53 of 3rd period - Wrist shot by Kevin Fiala.
4:53 of 3rd period - Shot Misses the Net.
4:55 of 3rd period - Snap shot by Vincent Trocheck.
4:55 of 3rd period - Shot Misses the Net.
5:07 of 3rd period - Tyler Bertuzzi is hit by Matthew Beniers.
5:29 of 3rd period - Wrist shot by Nick Suzuki.
5:29 of 3rd period - Shot Misses the Net.
5:31 of 3rd period - Slapshot by Dylan Samberg.
5:31 of 3rd period - Stopped by Jordan Binnington without a rebound.
5:32 of 3rd period - Nick Suzuki wins face-off versus Morgan Frost in Chicago Black Hawks zone.
5:37 of 3rd period - Snap shot by Kaapo Kakko.
5:37 of 3rd period - Stopped by Jordan Binnington without a rebound.
5:38 of 3rd period - Connor McDavid wins face-off versus Patrice Bergeron in Chicago Black Hawks zone.
6:23 of 3rd period - Off-side.
6:24 of 3rd period - Morgan Frost wins face-off versus Nick Suzuki in neutral zone.
6:49 of 3rd period - Alex DeBrincat is hit by Patrice Bergeron and loses puck.
7:12 of 3rd period - Slapshot by Barrett Hayton.
7:12 of 3rd period - Stopped by Pavel Francouz without a rebound.
7:13 of 3rd period - Matthew Beniers wins face-off versus Bo Horvat in Winnipeg Jets zone.
7:47 of 3rd period - Minor Penalty to Cal Clutterbuck for Interference.
7:48 of 3rd period - Nick Suzuki wins face-off versus Frederick Gaudreau in Chicago Black Hawks zone.
8:23 of 3rd period - Snap shot by Lucas Raymond.
8:23 of 3rd period - Shot Hit the Post.
8:27 of 3rd period - Wrist shot by Alex DeBrincat.
8:27 of 3rd period - Deflect By Bo Horvat.
8:27 of 3rd period - Shot Misses the Net.
8:27 of 3rd period - Puck is out of play.
8:28 of 3rd period - Patrice Bergeron wins face-off versus Nick Suzuki in Chicago Black Hawks zone.
9:47 of 3rd period - Penalty to Cal Clutterbuck is over, Cal Clutterbuck is back on ice.
10:11 of 3rd period - Snap shot by Tyler Bertuzzi.
10:11 of 3rd period - Stopped by Pavel Francouz with a rebound.
10:13 of 3rd period - Slapshot by Seth Jones.
10:13 of 3rd period - Stopped by Pavel Francouz without a rebound.
10:14 of 3rd period - Bo Horvat wins face-off versus Pius Suter in Winnipeg Jets zone.
10:21 of 3rd period - Seth Jones is hit by Kaiden Guhle and loses puck.
10:26 of 3rd period - Snap shot by Sam Steel.
10:26 of 3rd period - Stopped by Jordan Binnington with a rebound.
10:28 of 3rd period - Snap shot by Sam Steel.
10:28 of 3rd period - Stopped by Jordan Binnington without a rebound.
10:29 of 3rd period - Connor McDavid wins face-off versus Kevin Fiala in Chicago Black Hawks zone.
11:10 of 3rd period - Major / Game Misconduct Penalty to Dante Fabbro for Spearing.
11:10 of 3rd period - Dante Fabbro is ejected from game.
11:11 of 3rd period - Bo Horvat wins face-off versus Connor McDavid in Winnipeg Jets zone.
11:26 of 3rd period - Slapshot by Kevin Fiala.
11:26 of 3rd period - Shot Blocked by Alex DeBrincat.
11:28 of 3rd period - Backhand shot by Morgan Rielly.
11:28 of 3rd period - Deflect By Nathan Beaulieu.
11:28 of 3rd period - Goal by Morgan Rielly - Chicago Black Hawks : 5 - Winnipeg Jets : 1.
11:29 of 3rd period - Bo Horvat wins face-off versus Connor McDavid in neutral zone.
11:40 of 3rd period - Snap shot by Vincent Trocheck.
11:40 of 3rd period - Goal by Vincent Trocheck - Chicago Black Hawks : 6 - Winnipeg Jets : 1.
11:41 of 3rd period - Bo Horvat wins face-off versus Connor McDavid in neutral zone.
12:06 of 3rd period - Icing by Barrett Hayton.
12:07 of 3rd period - Patrice Bergeron wins face-off versus Connor McDavid in Chicago Black Hawks zone.
12:12 of 3rd period - Snap shot by Morgan Rielly.
12:12 of 3rd period - Stopped by Pavel Francouz without a rebound.
12:13 of 3rd period - Patrice Bergeron wins face-off versus Connor McDavid in Winnipeg Jets zone.
12:18 of 3rd period - Wrist shot by Barrett Hayton.
12:18 of 3rd period - Shot Misses the Net.
12:20 of 3rd period - Slapshot by Devon Toews.
12:20 of 3rd period - Shot Blocked by Nick Suzuki.
15:00 of 3rd period - Snap shot by Kevin Fiala.
15:00 of 3rd period - Stopped by Pavel Francouz without a rebound.
15:01 of 3rd period - Patrice Bergeron wins face-off versus Andrew Cogliano in Winnipeg Jets zone.
15:02 of 3rd period - Snap shot by Tyler Bertuzzi.
15:02 of 3rd period - Stopped by Pavel Francouz without a rebound.
15:03 of 3rd period - Andrew Cogliano wins face-off versus Patrice Bergeron in Winnipeg Jets zone.
15:50 of 3rd period - Nick Suzuki is hit by Shane Pinto and loses puck.
15:57 of 3rd period - Wrist shot by Shane Pinto.
15:57 of 3rd period - Stopped by Pavel Francouz with a rebound.
16:10 of 3rd period - Penalty to Dante Fabbro is over, Andrew Cogliano is send on ice.
16:49 of 3rd period - Minor Penalty to Joel Armia for High sticking.
16:50 of 3rd period - Alex DeBrincat wins face-off versus Patrice Bergeron in Winnipeg Jets zone.
17:05 of 3rd period - Snap shot by Tyler Bertuzzi.
17:05 of 3rd period - Shot Blocked by Kaiden Guhle.
17:07 of 3rd period - Penalty Shot by Kaiden Guhle for Winnipeg Jets.
17:07 of 3rd period - Backhand shot by Kaiden Guhle.
17:07 of 3rd period - Shot Misses the Net.
17:08 of 3rd period - Alex DeBrincat wins face-off versus Patrice Bergeron in Winnipeg Jets zone.
17:27 of 3rd period - Minor Penalty to Nathan Beaulieu for Goalie Interference.
17:28 of 3rd period - Connor McDavid wins face-off versus Patrice Bergeron in Winnipeg Jets zone.
17:33 of 3rd period - Slapshot by Dylan Samberg.
17:33 of 3rd period - Stopped by Jordan Binnington with a rebound.
17:35 of 3rd period - Snap shot by Dylan Samberg.
17:35 of 3rd period - Stopped by Jordan Binnington with a rebound.
17:37 of 3rd period - Snap shot by Dylan Samberg.
17:37 of 3rd period - Deflect By Connor McDavid.
17:37 of 3rd period - Shot Misses the Net.
17:37 of 3rd period - Puck is out of play.
17:38 of 3rd period - Patrice Bergeron wins face-off versus Connor McDavid in Chicago Black Hawks zone.
17:43 of 3rd period - Snap shot by Brent Burns.
17:43 of 3rd period - Stopped by Pavel Francouz with a rebound.
18:02 of 3rd period - Slapshot by Kaiden Guhle.
18:02 of 3rd period - Stopped by Jordan Binnington with a rebound.
18:04 of 3rd period - Slapshot by Kaiden Guhle.
18:04 of 3rd period - Stopped by Jordan Binnington without a rebound.
18:05 of 3rd period - Nick Suzuki wins face-off versus Kevin Fiala in Chicago Black Hawks zone.
18:06 of 3rd period - Slapshot by Ty Smith.
18:06 of 3rd period - Stopped by Jordan Binnington with a rebound.
18:08 of 3rd period - Slapshot by Nick Suzuki.
18:08 of 3rd period - Shot Misses the Net.
18:10 of 3rd period - Slapshot by Dylan Samberg.
18:10 of 3rd period - Stopped by Jordan Binnington with a rebound.
18:12 of 3rd period - Backhand shot by Ty Smith.
18:12 of 3rd period - Stopped by Jordan Binnington without a rebound.
18:13 of 3rd period - Bo Horvat wins face-off versus Nick Suzuki in Chicago Black Hawks zone.
18:29 of 3rd period - Slapshot by Ty Smith.
18:29 of 3rd period - Deflect By Nick Suzuki.
18:29 of 3rd period - Stopped by Jordan Binnington with a rebound.
18:31 of 3rd period - Slapshot by Ty Smith.
18:31 of 3rd period - Stopped by Jordan Binnington without a rebound.
18:32 of 3rd period - Tyler Bertuzzi wins face-off versus Connor McDavid in Chicago Black Hawks zone.
18:41 of 3rd period - Wrist shot by Patrice Bergeron.
18:41 of 3rd period - Stopped by Pavel Francouz with a rebound.
18:49 of 3rd period - Penalty to Joel Armia is over, Joel Armia is back on ice.
19:05 of 3rd period - Wrist shot by Vincent Trocheck.
19:05 of 3rd period - Stopped by Pavel Francouz with a rebound.
19:27 of 3rd period - Penalty to Nathan Beaulieu is over, Nathan Beaulieu is back on ice.
19:34 of 3rd period - Slapshot by Seth Jones.
19:34 of 3rd period - Deflect By Cal Clutterbuck.
19:34 of 3rd period - Shot Misses the Net.
19:34 of 3rd period - Puck is out of play.
19:35 of 3rd period - Connor McDavid wins face-off versus Morgan Frost in Winnipeg Jets zone.
Goals for this period are 3 for Chicago Black Hawks vs 0 for Winnipeg Jets.
Shots for this period are 17 for Chicago Black Hawks vs 18 for Winnipeg Jets.
Back to the Top